 Dungeon Crawl Stone Soup version 0.31-a0-765-g67fe2935dc (webtiles) character file.

Game seed: 4729809462653963230

9424 Joey1 the Severer (level 11, -2/107 HPs)
             Began as a Minotaur Fighter on Sept 15, 2023.
             Was an Initiate of Gozag.
             Slain by a large slime creature (11 damage)
             ... on level 12 of the Dungeon.
             The game lasted 00:21:23 (9185 turns).

Joey1 the Severer (Minotaur Fighter)                Turns: 9185, Time: 00:21:23

Health: -2/107     AC: 13    Str: 26    XL:     11   Next: 22%
Magic:  10/10      EV: 12    Int:  5    God:    Gozag
Gold:   741        SH:  4    Dex:  9    Spells: 10/10 levels left

rFire   + . .        r - +2 hand axe (freeze)
rCold   + + .        c - +0 buckler
rNeg    . . .        J - +0 plate armour
rPois   +            (helmet restricted)
rElec   +            F - +0 cloak
rCorr   +            v - +0 pair of gloves
SInv    .            (no boots)
Will    .....        (no amulet) Stlth
                     i - +5 ring of evasion
HPRegen 0.37/turn    o - ring of protection from cold
MPRegen 0.12/turn

%: no passive effects
@: mighty, resistant
A: horns 2, retaliatory headbutt
a: Renounce Religion, Potion Petition, Call Merchant, Bribe Branch


You were on level 12 of the Dungeon.
You worshipped Gozag.
Gozag was pleased with you.
You visited 1 branch of the dungeon, and saw 12 of its levels.

You collected 1578 gold pieces.
You spent 361 gold pieces at shops.
You paid 476 gold pieces to Gozag.

Inventory:

Hand Weapons
 a - a +0 war axe
 h - a +1 heavy hand axe
 n - a +4 morningstar
 r - a +2 hand axe of freezing (weapon)
Missiles
 p - 6 poisoned darts
 s - 2 throwing nets
Armour
 b - a +0 scale mail
 c - a +0 buckler (worn)
 v - a +0 pair of gloves (worn)
 F - a +0 cloak (worn)
 J - a +0 plate armour (worn)
Jewellery
 i - a +5 ring of evasion (left hand)
 o - a ring of protection from cold (right hand)
Wands
 y - a wand of roots (5)
 E - a wand of mindburst (14)
Scrolls
 f - 4 scrolls of enchant weapon
 g - 3 scrolls of vulnerability
 l - 11 scrolls of teleportation
 t - 2 scrolls of fog
 w - 2 scrolls of fear {unknown}
 x - a scroll of enchant armour {unknown}
 A - a scroll of amnesia {unknown}
 C - a scroll of acquirement {unknown}
 D - 2 scrolls of immolation {unknown}
 G - 2 scrolls of blinking {unknown}
 I - a scroll of identify
 M - a scroll of summoning {unknown}
Potions
 d - 3 potions of might
 e - 2 potions of attraction
 j - 6 potions of cancellation
 k - 3 potions of lignification {unknown}
 m - 2 potions of brilliance
 q - 3 potions of curing
 u - 3 potions of enlightenment
 z - 3 potions of heal wounds
 B - a potion of invisibility {unknown}
 H - 3 potions of degeneration {unknown}
 K - a potion of mutation {unknown}
 L - a potion of berserk rage {unknown}


   Skills:
 - Level 13.0 Fighting
 + Level 16.0 Axes
 - Level 3.6 Armour
 - Level 3.0 Dodging
 - Level 5.0 Shields


You had 10 spell levels left.
You didn't know any spells.
Your spell library contained the following spells:

 Spells                   Type           Power      Damage    Failure   Level
 Kiss of Death            Conj/Necr      0%         2d5       100%        1
 Blink                    Tloc           0%         N/A       100%        2
 Sublimation of Blood     Necr           0%         N/A       100%        2
 Confusing Touch          Hex            0%         N/A       100%        3
 Frozen Ramparts          Ice            0%         1d1       100%        3
 Ozocubu's Armour         Ice            0%         N/A       100%        3
 Volatile Blastmotes      Fire/Tloc      0%         2d10      100%        3
 Dispel Undead            Necr           0%         3d6       100%        4
 Fulminant Prism          Conj/Hex       0%         3d5       100%        4
 Iskenderun's Mystic Bla  Conj/Tloc      0%         2d3       100%        4
 Manifold Assault         Tloc           0%         N/A       100%        4
 Petrify                  Tmut/Erth      0%         N/A       100%        4
 Summon Ice Beast         Ice/Summ       0%         N/A       100%        4
 Irradiate                Conj/Tmut      0%         3d11      100%        5
 Metabolic Englaciation   Hex/Ice        0%         N/A       100%        5
 Ozocubu's Refrigeration  Ice            0%         4d7       100%        7
 Summon Hydra             Summ           0%         N/A       100%        7
 Dragon's Call            Summ           0%         N/A       100%        9


Dungeon Overview and Level Annotations

Branches:
Dungeon (13/15)            Temple (0/1) D:7            Lair (0/5) D:9
    Orc (0/2) D:9
 Vaults: D:13-14

Altars:
Ashenzari
Dithmenos
Elyvilon
Gozag
Kikubaaqudgha
Makhleb
Okawaru
Ru
Xom

Shops:
D:7 ***   D:10 *


Innate Abilities, Weirdness & Mutations

You have a pair of horns on your head.
You reflexively headbutt those who attack you in melee.


Message History

The large slime creature hits you!! x2
* * * LOW HITPOINT WARNING * * *
You hit the large slime creature. You freeze the large slime creature.
Your headbutt misses the large slime creature.
The large slime creature is lightly wounded.
You hit the large slime creature. You freeze the large slime creature.
The large slime creature hits you but does no damage.
Okay, then. [a] - 351 gold - heal wounds and magic [b] - 910 gold - curing, magic, resistance, might and haste [c] - 418 gold - resistance, might and heal wounds Purchase which effect?
You no longer have enough gold to fund merchants seeking to open stores in the dungeon.
You feel protected.
You feel very mighty all of a sudden.
You feel much better. The large slime creature hits you!!
* * * LOW HITPOINT WARNING * * *
The large slime creature hits you!
* * * LOW HITPOINT WARNING * * *
You hit the large slime creature. You freeze the large slime creature.
The large slime creature is moderately wounded.
You slash the large slime creature! You freeze the large slime creature.
The large slime creature barely misses you.
You furiously retaliate!
You headbutt the large slime creature!!
You barely miss the large slime creature.
You headbutt the large slime creature!
The large slime creature is moderately wounded.
You barely miss the large slime creature.
The large slime creature closely misses you.
The large slime creature barely misses you.
You slice the large slime creature!! You freeze the large slime creature.
You headbutt the large slime creature!
The large slime creature is heavily wounded.
You slash the large slime creature! You freeze the large slime creature.
You slice the large slime creature!! You freeze the large slime creature!
Your headbutt misses the large slime creature.
The large slime creature is severely wounded.
You slash the large slime creature! You freeze the large slime creature.
The large slime creature misses you. The large slime creature hits you!
You die...
Your body crumbles into a pile of gold.

#..
######.######
##...........#
.............#
#...........#
#.....$.....#
#.# ####J#
#..@J# #.####
### # ... ...
... ... ..?
...


You could see 2 large slime creatures.

Vanquished Creatures
  A manticore (D:10)
  Maurice (D:8)
  Psyche (D:8)
  A troll (D:10)
  Prince Ribbit (D:8)
  2 hornets
  A slime creature (D:12)
  A shadow (D:9)
  2 wraiths
  Sigmund (D:5)
  A wyvern (D:9)
  10 yaks (D:9)
  3 steam dragons
  Eustachio (D:4)
  3 water moccasins
  4 orc warriors
  2 sky beasts
  3 ice beasts
  2 black bears (D:9)
  4 ogres
  5 centaurs
  2 phantoms
  A kobold brigand (D:8)
  4 bullfrogs
  A gnoll sergeant (D:7)
  3 scorpions
  11 wights
  12 killer bees
  2 howler monkeys
  A centaur zombie (D:9)
  3 orc priests
  5 hounds
  2 jellies (D:6)
  A sleepcap (D:8)
  An iguana (D:4)
  3 orc wizards
  2 howler monkey zombies (D:9)
  17 gnolls
  5 adders
  A shadow imp (D:5)
  An ufetubus (D:6)
  A worm (D:2)
  A dart slug (D:2)
  31 orcs
  6 bats
  6 endoplasms
  4 giant cockroaches
  7 goblins
  6 hobgoblins
  2 jackals (D:4)
  4 quokkas
  10 ball pythons
  2 frilled lizards
  11 kobolds
  A rat (D:1)
220 creatures vanquished.

Notes
Turn   | Place    | Note
-------+----------+-------------------------------------------
     0 | D:1      | Joey1 the Minotaur Fighter began the quest for the Orb.
     0 | D:1      | Reached XP level 1. HP: 19/19 MP: 0/0
   166 | D:1      | Reached XP level 2. HP: 27/27 MP: 1/1
   228 | D:1      | Reached skill level 1 in Dodging
   433 | D:1      | Reached skill level 3 in Axes
   463 | D:1      | Reached XP level 3. HP: 33/33 MP: 2/2
  1321 | D:2      | Reached XP level 4. HP: 41/41 MP: 3/3
  1321 | D:2      | Found a faded altar of an unknown god.
  1645 | D:3      | Found an ancient bone altar of Kikubaaqudgha.
  2383 | D:4      | Noticed a phantom
  2391 | D:4      | Killed a phantom
  2392 | D:4      | Reached skill level 4 in Axes
  2392 | D:4      | Reached XP level 5. HP: 37/47 MP: 4/4
  2426 | D:4      | Noticed Eustachio
  2443 | D:4      | Killed Eustachio
  2444 | D:4      | Reached skill level 5 in Fighting
  2444 | D:4      | Reached skill level 5 in Axes
  2444 | D:4      | Reached skill level 5 in Shields
  2444 | D:4      | Reached XP level 6. HP: 29/56 MP: 5/5
  2549 | D:4      | Reached skill level 6 in Axes
  3141 | D:5      | Entered Level 5 of the Dungeon
  3142 | D:5      | Noticed Sigmund
  3150 | D:5      | Killed Sigmund
  3151 | D:5      | Reached skill level 7 in Axes
  3151 | D:5      | Reached XP level 7. HP: 61/61 MP: 6/6
  3193 | D:5      | Reached skill level 8 in Axes
  3302 | D:5      | Reached skill level 9 in Axes
  3337 | D:5      | Reached XP level 8. HP: 51/68 MP: 7/7
  3344 | D:5      | Reached skill level 10 in Axes
  3464 | D:5      | Found an opulent altar of Gozag.
  3476 | D:5      | Became a worshipper of Gozag Ym Sagoz the Greedy
  3893 | D:6      | Reached skill level 11 in Axes
  4059 | D:6      | Reached skill level 12 in Axes
  4272 | D:6      | Reached XP level 9. HP: 61/74 MP: 8/8
  4380 | D:6      | Got the Atlas of Accomplices
  4409 | D:6      | Found a broken altar of Ashenzari.
  4448 | D:6      | Found a burning altar of Makhleb.
  4626 | D:7      | Found Utzucy's General Store.
  4630 | D:7      | Reached skill level 13 in Axes
  4631 | D:7      | Found Epnopud's Specific Store.
  4765 | D:7      | Bought a potion of might for 48 gold pieces
  4765 | D:7      | Bought a scroll of identify for 24 gold pieces
  4765 | D:7      | Bought a potion of enlightenment for 60 gold pieces
  4765 | D:7      | Bought a scroll of enchant weapon for 90 gold pieces
  4812 | D:7      | Reached skill level 14 in Axes
  5034 | D:7      | Found an iron altar of Okawaru.
  5240 | D:7      | Reached skill level 15 in Axes
  5609 | D:7      | Found Copnoaj's Fire Supplies.
  5710 | D:7      | Found a staircase to the Ecumenical Temple.
  5760 | D:8      | Paralysed by a hornet for 2 turns
  5944 | D:8      | Noticed Prince Ribbit
  5963 | D:8      | Killed Prince Ribbit
  5964 | D:8      | Reached XP level 10. HP: 29/81 MP: 9/9
  6195 | D:8      | Reached skill level 16 in Axes
  6239 | D:8      | Noticed Psyche
  6250 | D:8      | Killed Psyche
  6560 | D:8      | Found a sacrificial altar of Ru.
  6617 | D:8      | Noticed Maurice
  6620 | D:8      | Maurice stole a +0 war axe
  6637 | D:8      | Killed Maurice
  7095 | D:9      | Found a staircase to the Lair.
  7196 | D:9      | Reached skill level 10 in Fighting
  7788 | D:9      | Found a staircase to the Orcish Mines.
  7822 | D:9      | Found a shadowy altar of Dithmenos.
  7841 | D:9      | Found a white marble altar of Elyvilon.
  7880 | D:9      | Reached XP level 11. HP: 62/104 MP: 10/10
  8090 | D:9      | Found a shimmering altar of Xom.
  8321 | D:10     | Entered Level 10 of the Dungeon
  8322 | D:10     | Found Otafrog's Assorted Antiques.
  8331 | D:10     | Bought a scroll labelled ANGIAM NYKO for 29 gold pieces
  8331 | D:10     | Bought 2 bubbling black potions for 52 gold pieces
  8331 | D:10     | Bought a scroll of identify for 58 gold pieces
  9034 | D:10     | You fall into a shaft and drop 3 floors!
  9115 | D:12     | Noticed a boulder beetle
  9185 | D:12     | Slain by a large slime creature

Illustrated notes

Levels and vault maps discovered:
D:1:      wander_arrival_lonely_grave, layout_loops_corners, minmay_liquid_box,
          amethyst_killhole
D:2:      layout_rooms, shapermc_ecumenical_altar_acropolis, skrybe_limestone_x
D:3:      layout_basic, mainiacjoe_overflow_chevrons
D:4:      layout_basic, nicolae_titane, uniq_eustachio
D:5:      layout_rooms, lemuel_doored_altar, uniq_sigmund
D:6:      layout_rooms, grunt_ashenzari_visionary
          [grunt_ashenzari_visionary_swamp, grunt_ashenzari_visionary_spider],
          makhleb_heckhound_becter
D:7:      layout_basic, okawaru_ov_weapons_minmay,
          minmay_temple_entry_antechambers, glass_columns_a,
          nicolae_specific_store, eino_small_chamber_without_monster,
          hangedman_abyss_or_decor_jellyfish_corner, nicolae_shop_fire_sale
          [nicolae_sub_dead_trees]
D:8:      layout_basic, nicolae_ru_awakened_eye, uniq_prince_ribbit1,
          uniq_psyche, uniq_maurice
D:9:      layout_loops_ring, grunt_dithmenos_shadows, marbit_many_paths,
          amcnicky_altar_gilded, due_lair_maze_entry_diamond, orc_0_dummy,
          serial_undead, serial_undead_b, serial_undead_e, serial_undead_c,
          serial_undead_b
D:10:     layout_loops_ring, serial_shops, nicolae_shop_waterfront,
          hangedman_abyss_or_decor_lesser_grid, nrook_uturn, uniq_josephine
D:12:     layout_roguey, serial_glass, glass_columns_b, glass_columns_a,
          dk_noncrumbling_3, nicolae_gozag_conspicuous_consumption
D:13:     layout_loops_ring, serial_shops,
          nicolae_shop_competitors_out_of_business, fedhas_altar_fruit_tree

Skill      XL: |  1  2  3  4  5  6  7  8  9 10 11 |
---------------+----------------------------------+-----
Fighting       | 4 5 11 13 | 13.0
Dodging        | 1 2 3 |  3.0
Shields        | 4 5 |  5.0
Axes           | 3 4 5 7 9 12 15 16 | 16.0
Armour         | |  3.6

Action                     |  1- 3 |  4- 6 |  7- 9 | 10-12 || total
---------------------------+-------+-------+-------+-------++-------
  Melee: War axe           |    32 |    52 |       |       ||    84
         Headbutt          |     3 |    12 |    40 |    60 ||   115
         Hand axe          |    30 |    30 |   267 |   274 ||   601
 Invoke: Potion Petition   |       |       |       |     1 ||     1
    Use: Scroll            |       |       |     6 |     2 ||     8
   Stab: Distracted        |       |       |       |     1 ||     1
 Armour: Scale mail        |    41 |    46 |   120 |   109 ||   316
         Plate armour      |       |       |       |    11 ||    11
  Dodge: Dodged            |    39 |    60 |   134 |   105 ||   338
  Block: Buckler           |    15 |     8 |    44 |    32 ||    99

Table legend: (Time is in decaauts)
 A = Elapsed time spent in this place.
 B = Non-inter-level travel time spent in this place.
 C = Inter-level travel time spent in this place.
 D = Time resting spent in this place.
 E = Time spent auto-exploring this place.
 F = Levels seen in this place.
 G = Mean time per level.
                   A        B        C        D        E       F      G
               +--------+--------+--------+--------+--------+-----+--------+
         Total |   9091 |   8779 |    312 |    977 |   6210 |  12 |  757.6 |
       Dungeon |   9091 |   8779 |    312 |    977 |   6210 |  12 |  757.6 |
               +--------+--------+--------+--------+--------+-----+--------+

Top non-repeatable levels by time:
     D:8: 1286 daAuts
     D:9: 1203 daAuts
     D:7: 1127 daAuts
     D:4: 945 daAuts
     D:1: 926 daAuts
     D:3: 839 daAuts
     D:5: 834 daAuts
    D:10: 699 daAuts
     D:6: 586 daAuts
     D:2: 494 daAuts
    D:13: 127 daAuts
    D:12: 19 daAuts
